 Dungeon Crawl Stone Soup version 0.19-a0-1899-g2d93087 (webtiles) character file.

165 Lochraine the Chiller (level 5, -8/52 HPs)
             Began as a Merfolk Ice Elementalist on Oct 20, 2016.
             Was an Initiate of Ashenzari.
             Mangled by Menkaure (12 damage)
             ... on level 4 of the Dungeon.
             The game lasted 00:13:10 (3734 turns).

Lochraine the Chiller (Merfolk Ice Elementalist)    Turns: 3734, Time: 00:13:11

Health: -8/52      AC: 22    Str: 10    XL:     5   Next: 46%
Magic:  1/10       EV:  2    Int: 19    God:    Ashenzari [......]
Gold:   150        SH:  5    Dex: 19    Spells: 2 memorised, 7 levels left

rFire  . . .     SeeInvis .     d - +0 spear
rCold  . . .     Gourm    .     (armour currently unavailable)
rNeg   + + +     Faith    +     k - +0 buckler
rPois  +         Spirit   .     (helmet currently unavailable)
rElec  .         Reflect  .     (cloak currently unavailable)
rCorr  .         Harm     .     (gloves currently unavailable)
MR     .....     NoTele   +     (boots currently unavailable)
Stlth  +++.......               e - amulet of faith
                                (no ring)
                                (no ring)

@: brilliant, agile, tree-form (expiring), very slightly contaminated, hasted,
very quick
A: (change form in water), (swift swim), (stealthy swim)
a: Curse Item, Renounce Religion


You were on level 4 of the Dungeon.
You worshipped Ashenzari.
Ashenzari was noncommittal.
You were very hungry.
You were a tree.
You visited 2 branches of the dungeon, and saw 5 of its levels.

You collected 150 gold pieces.

Inventory:

Hand Weapons
 d - a +0 spear (weapon)
Armour
 a - a +0 robe (melded)
 k - a +0 buckler (worn)
 q - a cursed -1 cloak (melded)
Jewellery
 e - an amulet of faith (around neck)
 f - an uncursed ring of see invisible
Scrolls
 g - 2 scrolls of magic mapping {unknown}
 h - 3 scrolls of noise {unknown}
 j - 2 scrolls of identify {unknown}
 s - a scroll of enchant armour {unknown}
Potions
 i - 2 potions of agility
 p - a potion of cancellation
Books
 b - a book of Frost

   Spells                             Type                      Level
   a - Freeze                         Ice                          1
   b - Throw Frost                    Conjuration/Ice              2
   c - Ozocubu's Armour               Charms/Ice                   3
   d - Throw Icicle                   Conjuration/Ice              4
   e - Summon Ice Beast               Ice/Summoning                4
Comestibles
 c - 3 bread rations
 m - a beef jerky
 r - a meat ration


   Skills:
 - Level 2.6 Dodging
 - Level 2.1 Stealth
 + Level 2.2 Shields
 - Level 3.4 Spellcasting
 - Level 1.5 Conjurations
 - Level 4.3 Ice Magic


You had 7 spell levels left.
You knew the following spells:

 Your Spells              Type           Power        Failure   Level  Hunger
a - Freeze                Ice            ####         1%          1    None
b - Throw Frost           Conj/Ice       ####..       1%          2    ##.....


Dungeon Overview and Level Annotations

Branches:
Dungeon (4/15)             Temple (1/1) D:4

Altars:
Ashenzari
Dithmenos
Fedhas
Gozag
Makhleb
Nemelex Xobeh
Okawaru
Qazlal
Sif Muna
Uskayaw
Xom
Yredelemnul
Zin

Annotations:
D:2 Robin, Terence
D:4 Menkaure


Message History

You are very lightly contaminated with residual magic.
You hit Menkaure.
Menkaure is heavily damaged.
Menkaure hits you but does no damage.
You hit Menkaure but do no damage.
Menkaure is heavily damaged.
Menkaure hits you but does no damage.
You hit Menkaure but do no damage.
Menkaure is heavily damaged.
Menkaure hits you!
* * * LOW HITPOINT WARNING * * *
Okay, then.
Wield which item (- for none, * to show all)? (? for menu, Esc to quit)
Okay, then.
You feel agile all of a sudden.
Your transformation is almost over.
Menkaure hits you but does no damage.
You hit Menkaure.
Menkaure is severely damaged.
Menkaure hits you!
You die...

######.# ##...## #.#
##_## #.# ###
#.#########
####.#.........
#....#.######..
#....'......#.#
#....#.####.#.#
######.####♣#.#
#.#....M.# #.#......#
######.#......#########
#).....#......#.....÷<#
#......'....#.#.#######
#....^.######.#.#
######## #.#.#
#.#.#########


You could see Menkaure.

Vanquished Creatures
  A hound (D:4)
  Jessica (D:3)
  5 adders
  An ooze (D:4)
  An adder skeleton (D:4)
  2 dart slugs
  A leopard gecko (D:1)
  An orc (D:3)
  A ball python (D:2)
  2 giant cockroaches
  11 hobgoblins
  A quokka (D:2)
  6 bats
  2 frilled lizards
  13 goblins
  4 kobolds
  3 rats
56 creatures vanquished.

Notes
Turn   | Place    | Note
-------+----------+-------------------------------------------
     0 | D:1      | Lochraine the Merfolk Ice Elementalist began the quest for the Orb.
     0 | D:1      | Reached XP level 1. HP: 13/13 MP: 3/3
   343 | D:1      | Reached XP level 2. HP: 15/19 MP: 1/5
  1356 | D:2      | Reached XP level 3. HP: 24/24 MP: 7/7
  1411 | D:2      | Noticed Terence
  1454 | D:2      | Learned a level 2 spell: Throw Frost
  1626 | D:2      | Noticed Robin
  1885 | D:2      | Reached skill level 1 in Conjurations
  2107 | D:3      | Reached XP level 4. HP: 5/30 MP: 5/8
  2451 | D:3      | Noticed Jessica
  2456 | D:3      | Killed Jessica
  2456 | D:3      | Reached skill level 4 in Ice Magic
  2524 | D:3      | Reached skill level 1 in Shields
  3145 | D:4      | Noticed Menkaure
  3184 | D:4      | Reached XP level 5. HP: 32/35 MP: 4/10
  3243 | D:4      | Found a staircase to the Ecumenical Temple.
  3250 | Temple   | Entered the Ecumenical Temple
  3267 | Temple   | Became a worshipper of Ashenzari the Shackled
  3451 | D:4      | Found a shadowy altar of Dithmenos.
  3464 | D:4      | Found an opulent altar of Gozag.
  3734 | D:4      | Mangled by Menkaure

Vault maps used:
D:1:      minmay_arrival_four_circles
D:2:      uniq_robin, uniq_terence
D:3:      first_bread, uniq_jessica
D:4:      grunt_temple_overflow_open, amethyst_overflow_temple_binary,
          uniq_menkaure
Temple:   minmay_freezing_vapour_temple

Skill      XL: |  1  2  3  4  5 |
---------------+----------------+-----
Spellcasting   | 3 |  3.4
Conjurations   | 1 |  1.5
Ice Magic      | 4 |  4.3
Shields        | 1 2 |  2.2
Dodging        | |  2.6
Stealth        | |  2.1

Action                   |  1- 3 |  4- 6 || total
-------------------------+-------+-------++-------
Melee: Spear             |   134 |    64 ||   198
 Cast: Freeze            |    17 |    11 ||    28
       Throw Frost       |     2 |    13 ||    15
  Use: Potion            |       |     7 ||     7
 Stab: Sleeping          |     4 |     3 ||     7
  Eat: Chunk             |     4 |     5 ||     9
Armor: Robe              |    34 |     2 ||    36
       Skin              |       |     7 ||     7
Dodge: Dodged            |    79 |    33 ||   112
Block: Buckler           |     1 |     8 ||     9
